 Dungeon Crawl Stone Soup version 0.30-a0-737-gf23d94013f (webtiles) character file.

Game seed: 2527557615842977655

53 mopl the Cudgeller (level 3, 0/37 HPs)
             Began as an Ogre Gladiator on Feb 2, 2023.
             Slain by an adder (1 damage)
             ... on level 2 of the Dungeon.
             The game lasted 00:01:46 (1403 turns).

mopl the Cudgeller (Ogre Gladiator)                 Turns: 1403, Time: 00:01:47

Health: 0/37       AC:  3    Str: 18    XL:     3   Next: 87%
Magic:  3/3        EV: 10    Int:  9    God:
Gold:   97         SH:  0    Dex: 12    Spells: 2/2 levels left

rFire   . . .      SeeInvis .    a - +0 flail
rCold   . . .      Faith    .    (no shield)
rNeg    . . .      Spirit   .    b - +0 robe
rPois   .          Reflect  .    c - +0 hat
rElec   .          Harm     .    (no cloak)
rCorr   .          Rampage  .    (gloves unavailable)
Will    .....                    (boots unavailable)
Stlth   +                        (no amulet)
HPRegen 0.26/turn                (no ring)
MPRegen 0.08/turn                (no ring)

@: lethally poisoned (0 -> -3), weak-willed
A: large, unfitting armour, tough skin 1
a: no special abilities


You were on level 2 of the Dungeon.
You visited 1 branch of the dungeon, and saw 2 of its levels.

You collected 97 gold pieces.

Inventory:

Hand Weapons
 a - a +0 flail (weapon)
Missiles
 d - 3 throwing nets
 e - a large rock
 j - 21 stones (quivered)
Armour
 b - a +0 robe (worn)
 c - a +0 hat (worn)
Jewellery
 h - a ring of ice
 l - a ring of willpower
Scrolls
 i - a scroll of amnesia {unknown}
 k - a scroll of identify {unknown}


   Skills:
 + Level 3.2 Fighting
 * Level 3.2 Maces & Flails
 + Level 2.4 Throwing
 + Level 0.7 Armour
 + Level 3.0 Dodging


You had 2 spell levels left.
You didn't know any spells.
Your spell library contained the following spells:

 Spells                   Type           Power      Damage    Failure   Level
 Foxfire                  Conj/Fire      0%         2x1d4     38%         1
 Fireball                 Conj/Fire      0%         3d3       100%        5
 Starburst                Conj/Fire      0%         6d3       100%        6


Dungeon Overview and Level Annotations

Branches:
Dungeon (2/15)

Altars:


Innate Abilities, Weirdness & Mutations

You are too large for most types of armour.
You have tough skin. (AC +1)


Message History

You are too injured to fight recklessly!
You are too injured to fight recklessly!
You are too injured to fight recklessly!
You are too injured to fight recklessly!
You are too injured to fight recklessly!
You are too injured to fight recklessly!
You are too injured to fight recklessly!
You are too injured to fight recklessly!
You are too injured to fight recklessly!
You are too injured to fight recklessly!
You are too injured to fight recklessly!
You are too injured to fight recklessly!
You are too injured to fight recklessly!
You are too injured to fight recklessly!
The adder attacks as you move away! The adder bites you.
The goblin attacks as you move away! The goblin hits you but does no damage.
You feel sick. The adder bites you.
* * * LOW HITPOINT WARNING * * *
You are more poisoned.
The adder poisons you! The adder attacks as you move away!
The adder bites you but does no damage.
You feel sick.
You feel sick. The adder attacks as you move away! The adder bites you.
* * * LOW HITPOINT WARNING * * *
You are lethally poisoned!
The adder poisons you!
* * * LOW HITPOINT WARNING * * *
You feel sick.
You aren't carrying any potions.
Unknown command.
As you read the scroll labelled JOQESOZ DEA, it crumbles to dust.
Magic quickly surges around you.
It was a scroll of vulnerability.
* * * LOW HITPOINT WARNING * * *
You feel sick. The adder completely misses you. x2
As you read the scroll labelled JUSTUWKURR, it crumbles to dust.
The scroll dissolves into smoke.
It was a scroll of fog.
* * * LOW HITPOINT WARNING * * *
You feel sick. The adder bites you.
You die...

. #.. ##### #.#.. ......
#.... ###.#.. .#.....
#..). ....... .......
#.... ....... .......
#....
#......####.###.....##
#....
#........#........###....
#....#####§#.....†.......
#.#.?.gS@§§..............
##.#§###§#..........##.
+..#.# #.####......#.
####.# ######.#. #.# .#.
####'### ... #......#
###. #......# #.
#......###### #.


You could see an adder (weak-willed) and a goblin (weak-willed).

Vanquished Creatures
  An adder (D:2)
  3 dart slugs (D:1)
  3 endoplasms
  A giant cockroach (D:1)
  2 goblins (D:2)
  3 hobgoblins (D:1)
  2 quokkas
  6 ball pythons
  6 bats
  5 frilled lizards
  3 kobolds (D:1)
  2 rats
37 creatures vanquished.

Notes
Turn   | Place    | Note
-------+----------+-------------------------------------------
     0 | D:1      | mopl the Ogre Gladiator began the quest for the Orb.
     0 | D:1      | Reached XP level 1. HP: 22/22 MP: 1/1
   107 | D:1      | Reached XP level 2. HP: 24/29 MP: 2/2
   145 | D:1      | Reached skill level 3 in Maces & Flails
   227 | D:1      | Reached skill level 3 in Fighting
   319 | D:1      | Reached XP level 3. HP: 28/37 MP: 3/3
   985 | D:2      | Reached skill level 3 in Dodging
  1403 | D:2      | HP: 1/37 [poisoned by an adder]
  1403 | D:2      | Slain by an adder

Illustrated notes

Levels and vault maps discovered:
D:1:      roderic_octagonal_star, layout_basic, amcnicky_mini_pool_small
D:2:      layout_basic

Skill      XL: |  1  2  3 |
---------------+----------+-----
Maces & Flails | 3 |  3.2
Fighting       | 3 |  3.2
Dodging        | 3 |  3.0
Throwing       | |  2.4
Armour         | |  0.7

Action                     || total
---------------------------++-------
  Melee: Flail             ||    87
    Use: Scroll            ||     2
   Stab: Sleeping          ||     2
 Armour: Robe              ||    34
  Dodge: Dodged            ||    58

Table legend: (Time is in decaauts)
 A = Elapsed time spent in this place.
 B = Non-inter-level travel time spent in this place.
 C = Inter-level travel time spent in this place.
 D = Time resting spent in this place.
 E = Time spent auto-exploring this place.
 F = Levels seen in this place.
 G = Mean time per level.
                   A        B        C        D        E       F      G
               +--------+--------+--------+--------+--------+-----+--------+
         Total |   1424 |   1350 |     74 |     63 |   1001 |   2 |  712.0 |
       Dungeon |   1424 |   1350 |     74 |     63 |   1001 |   2 |  712.0 |
               +--------+--------+--------+--------+--------+-----+--------+

Top non-repeatable levels by time:
     D:1: 1093 daAuts
     D:2: 330 daAuts
